 Dungeon Crawl Stone Soup version 0.28-a0-909-g796cbd3a86 (webtiles) character file.

Game seed: 10112743232558402486

347 bearlyready the Purveyor of Pain (level 6, 0/44 HPs)
             Began as a Gnoll Necromancer on Nov 25, 2021.
             Was an Initiate of Kikubaaqudgha.
             Slain by an orc (6 damage)
             ... on level 5 of the Dungeon.
             The game lasted 00:06:25 (4317 turns).

bearlyready the Purveyor of Pain (GnNe)             Turns: 4317, Time: 00:06:25

Health: 0/44       AC:  3    Str:  8    XL:     6   Next: 59%
Magic:  9/14       EV: 12    Int: 16    God:    Kikubaaqudgha [......]
Gold:   121        SH:  6    Dex: 12    Spells: 4/15 levels left

rFire   . . .      SeeInvis .   c - +1 dagger (venom)
rCold   . . .      Faith    .   l - +2 buckler {rPois}
rNeg    + . .      Spirit   .   v - +0 leather armour
rPois   +          Reflect  .   (no helmet)
rElec   .          Harm     .   (no cloak)
rCorr   .          Rampage  .   (no gloves)
Will    .....                   (no boots)
Stlth   ++........              m - amulet of magic regeneration
HPRegen 0.14/turn               C - ring of positive energy
MPRegen 0.39/turn               (no ring)

@: lethally poisoned (0 -> -2)
A: fangs 1, strong nose, distributed training
a: Renounce Religion


You were on level 5 of the Dungeon.
You worshipped Kikubaaqudgha.
Kikubaaqudgha was noncommittal.
You visited 1 branch of the dungeon, and saw 5 of its levels.

You collected 121 gold pieces.

Inventory:

Hand Weapons
 c - a +1 dagger of venom (weapon)
 i - a +0 hunting sling
 s - a +1 vorpal hand axe
Missiles
 j - 51 arrows
 p - 24 sling bullets
 t - 48 stones
 y - 5 poisoned darts
 A - 10 bolts
Armour
 a - a +0 robe
 l - a +2 buckler of poison resistance (worn)
 v - a +0 leather armour (worn)
Jewellery
 m - an amulet of magic regeneration (around neck)
 r - an amulet of guardian spirit
 C - a ring of positive energy (left hand)
Scrolls
 b - a scroll of enchant weapon {unknown}
 g - 4 scrolls of teleportation {unknown}
 h - 4 scrolls of identify {unknown}
 q - 3 scrolls of amnesia {unknown}
 w - 2 scrolls of noise {unknown}
 x - a scroll of blinking {unknown}
 z - a scroll of summoning {unknown}
 B - a scroll of magic mapping {unknown}
Potions
 d - 2 potions of attraction {unknown}
 e - a potion of degeneration {unknown}
 f - a potion of haste {unknown}
 k - 3 potions of curing {unknown}
 n - a potion of flight {unknown}
 o - a potion of lignification {unknown}
 u - 2 potions of mutation {unknown}


   Skills:
 + Level 2.0 Fighting
 + Level 2.0 Short Blades
 + Level 2.0 Long Blades
 + Level 2.0 Axes
 + Level 2.0 Maces & Flails
 + Level 2.0 Polearms
 + Level 2.0 Staves
 + Level 2.0 Slings
 + Level 2.0 Bows
 + Level 2.0 Crossbows
 + Level 2.0 Throwing
 + Level 2.0 Armour
 + Level 5.0 Dodging
 + Level 4.6 Stealth
 + Level 2.0 Shields
 + Level 2.0 Unarmed Combat
 + Level 5.4 Spellcasting
 + Level 1.6 Conjurations
 + Level 1.6 Hexes
 + Level 1.6 Summonings
 + Level 7.3 Necromancy
 + Level 1.6 Translocations
 + Level 1.6 Transmutations
 + Level 1.6 Fire Magic
 + Level 1.6 Ice Magic
 + Level 1.6 Air Magic
 + Level 1.6 Earth Magic
 + Level 1.6 Poison Magic
 + Level 2.2 Invocations
 + Level 2.0 Evocations


You had 4 spell levels left.
You knew the following spells:

 Your Spells              Type           Power      Damage    Failure   Level
a - Pain                  Necr           100%       1d9       1%          1
b - Animate Skeleton      Necr           54%        N/A       1%          1
c - Vampiric Draining     Necr           27%        2d7       3%          3
d - Corpse Rot            Necr/Air       36%        N/A       6%          2
e - Animate Dead          Necr           13%        N/A       13%         4

Your spell library contained the following spells:

 Spells                   Type           Power      Damage    Failure   Level
 Ensorcelled Hibernation  Hex/Ice        18%        N/A       21%         2
 Poisonous Vapours        Pois/Air       18%        N/A       21%         2
 Spider Form              Tmut/Pois      9%         N/A       38%         3
 Agony                    Necr           27%        N/A       34%         5


Dungeon Overview and Level Annotations

Branches:
Dungeon (5/15)
 Temple: D:4-7

Altars:
Hepliaklqana
Kikubaaqudgha

Shops:
D:4 [

Portals:
Abyss: D:4

Annotations:
D:4 2 transporters, gigimoi's ghost, amateur GnDe


Innate Abilities, Weirdness & Mutations

You have very sharp teeth.
Your uncanny sense of smell can sniff out nearby items.
Your experience applies equally to all skills.


Message History

You feel life coursing into your body.
You closely miss the orc. You bite the orc, but do no damage.
The orc barely misses you.
Casting: Vampiric Draining (dangerous; 3% risk of failure)
Confirm with . or Enter, or press ? or * to list all spells.
Aiming: Vampiric Draining (dangerous; 3% risk of failure)
Press: ? - help, Shift-Dir - straight line, f - orc
Aim: an orc, wielding a +0 hand axe and wearing a +0 leather armour You draw life force from the orc!
You kill the orc!
Kikubaaqudgha accepts your kill.
You feel life coursing into your body.
Casting: Vampiric Draining (dangerous; 3% risk of failure)
Confirm with . or Enter, or press ? or * to list all spells.
Aiming: Vampiric Draining (dangerous; 3% risk of failure)
Press: ? - help, Shift-Dir - straight line, f - orc
Aim: an orc, wielding a +0 whip and wearing a +0 ring mail You draw life force from the orc.
You feel life coursing into your body. The orc hits you with a +0 whip.
You hit the orc.
The orc is poisoned.
The orc is severely wounded.
The orc hits you with a +0 whip.
You hit the orc but do no damage.
The orc looks even sicker.
The orc is almost dead.
You kill the orc!
Kikubaaqudgha accepts your kill.
The orc throws a poisoned dart.
The poisoned dart misses you.
The orc throws a poisoned dart.
The poisoned dart hits you!
You are poisoned.
Items here: ! ))) [[ ††.
You feel sick. The orc hits you with a +0 hand axe!
Your leather armour prevents you from hitting the orc.
You bite the orc, but do no damage.
You feel sick. The orc barely misses you.
You hit the orc but do no damage.
The orc is poisoned.
You feel sick. The orc hits you with a +0 hand axe.
* * * LOW HITPOINT WARNING * * *
You hit the orc but do no damage.
The orc looks as sick as possible!
You feel sick. The orc hits you with a +0 hand axe.
You die...
Kikubaaqudgha rasps: "You have failed me!
Welcome... death!"

..# #...#.....# ..#
#.oo#.....# .## ##oo#.....#
.#### ###'##....# ....##
#....#....+ ..#..#
#....'....# ......
####'#....#####
..........#####....##.......#
.###......#...#)@o..#.......#
.###.##........#....#.......#
.##...#...#....+....#.......#
...._.........#######.......#
..#.).##......##..#####....##
..##.###..#...##......#....#
.....###..[...'.......'....#
..........#...##..##..#....#
..........#...##############


You could see an orc (extremely poisoned).

Vanquished Creatures
  A howler monkey (D:4)
  3 iguanas
  An orc wizard (D:5)
  A hound zombie (D:5)
  A hound skeleton (D:4)
  7 adders
  An adder skeleton (D:4)
  2 worms
  2 dart slugs
  10 orcs
  2 bats
  9 endoplasms
  3 giant cockroaches
  8 goblins
  7 hobgoblins
  11 jackals
  4 quokkas
  8 ball pythons
  3 frilled lizards (D:3)
  3 kobolds
  6 rats
93 creatures vanquished.

Notes
Turn   | Place    | Note
-------+----------+-------------------------------------------
     0 | D:1      | bearlyready the Gnoll Necromancer began the quest for the
                  | Orb.
     0 | D:1      | Reached XP level 1. HP: 13/13 MP: 6/6
   345 | D:1      | Reached XP level 2. HP: 15/19 MP: 7/7
   878 | D:1      | Found a faded altar of an unknown god.
   895 | D:1      | Reached XP level 3. HP: 25/25 MP: 9/9
  1061 | D:1      | Reached skill level 5 in Spellcasting
  1348 | D:2      | Learned a level 1 spell: Animate Skeleton
  1352 | D:2      | Learned a level 3 spell: Vampiric Draining
  1474 | D:2      | Reached skill level 1 in Invocations
  1548 | D:2      | Reached skill level 1 in Fighting
  1548 | D:2      | Reached skill level 1 in Short Blades
  1548 | D:2      | Reached skill level 1 in Long Blades
  1548 | D:2      | Reached skill level 1 in Axes
  1548 | D:2      | Reached skill level 1 in Maces & Flails
  1548 | D:2      | Reached skill level 1 in Polearms
  1548 | D:2      | Reached skill level 1 in Staves
  1548 | D:2      | Reached skill level 1 in Slings
  1548 | D:2      | Reached skill level 1 in Bows
  1548 | D:2      | Reached skill level 1 in Crossbows
  1548 | D:2      | Reached skill level 1 in Throwing
  1548 | D:2      | Reached skill level 1 in Armour
  1548 | D:2      | Reached skill level 1 in Shields
  1548 | D:2      | Reached skill level 1 in Unarmed Combat
  1548 | D:2      | Reached skill level 1 in Evocations
  1548 | D:2      | Reached XP level 4. HP: 16/32 MP: 7/11
  2119 | D:3      | Reached skill level 1 in Conjurations
  2119 | D:3      | Reached skill level 1 in Hexes
  2119 | D:3      | Reached skill level 1 in Summonings
  2119 | D:3      | Reached skill level 1 in Translocations
  2119 | D:3      | Reached skill level 1 in Transmutations
  2119 | D:3      | Reached skill level 1 in Fire Magic
  2119 | D:3      | Reached skill level 1 in Ice Magic
  2119 | D:3      | Reached skill level 1 in Air Magic
  2119 | D:3      | Reached skill level 1 in Earth Magic
  2119 | D:3      | Reached skill level 1 in Poison Magic
  2516 | D:3      | Reached XP level 5. HP: 37/37 MP: 12/12
  2890 | D:4      | Found a transporter.
  2895 | D:4      | Noticed a kobold brigand
  2897 | D:4      | Noticed a small abomination
  2921 | D:4      | Found a transporter.
  2923 | D:4      | Noticed a small abomination
  2940 | D:4      | Found a one-way gate to the infinite horrors of the Abyss.
  2940 | D:4      | Noticed gigimoi's ghost (amateur GnDe)
  3272 | D:4      | Reached XP level 6. HP: 40/44 MP: 13/13
  3275 | D:4      | Learned a level 2 spell: Corpse Rot
  3280 | D:4      | Learned a level 4 spell: Animate Dead
  3306 | D:4      | Found Qohoy's Armour Shop.
  3509 | D:4      | Found an ancient bone altar of Kikubaaqudgha.
  3693 | D:4      | Became a worshipper of Kikubaaqudgha
  3830 | D:5      | Entered Level 5 of the Dungeon
  4002 | D:5      | Found a hazy altar of Hepliaklqana.
  4018 | D:5      | Reached skill level 5 in Dodging
  4317 | D:5      | Slain by an orc

Illustrated notes

Levels and vault maps discovered:
D:1:      psy_arrival_whirlpool, layout_basic,
          hellmonk_ecumenical_altar_blasted, minmay_tetromino_o4
D:2:      layout_rooms
D:3:      layout_rooms
D:4:      layout_rooms, kennysheep_little_box, serial_shops,
          kennysheep_mini_moat, gammafunk_ghost_abyssal_escape
D:5:      layout_gridville, nicolae_overflow_crystal_walls, temple_fountains

Skill      XL: |  1  2  3  4  5  6 |
---------------+-------------------+-----
Spellcasting   | 5 |  5.4
Invocations    | 1 2 |  2.2
Fighting       | 1 2 |  2.0
Short Blades   | 1 2 |  2.0
Long Blades    | 1 2 |  2.0
Axes           | 1 2 |  2.0
Maces & Flails | 1 2 |  2.0
Polearms       | 1 2 |  2.0
Staves         | 1 2 |  2.0
Slings         | 1 2 |  2.0
Bows           | 1 2 |  2.0
Crossbows      | 1 2 |  2.0
Throwing       | 1 2 |  2.0
Armour         | 1 2 |  2.0
Shields        | 1 2 |  2.0
Unarmed Combat | 1 2 |  2.0
Evocations     | 1 2 |  2.0
Conjurations   | 1 |  1.6
Hexes          | 1 |  1.6
Summonings     | 1 |  1.6
Translocations | 1 |  1.6
Transmutations | 1 |  1.6
Fire Magic     | 1 |  1.6
Ice Magic      | 1 |  1.6
Air Magic      | 1 |  1.6
Earth Magic    | 1 |  1.6
Poison Magic   | 1 |  1.6
Dodging        | 5 |  5.0
Stealth        | |  4.6
Necromancy     | |  7.3

Action                   |  1- 3 |  4- 6 || total
-------------------------+-------+-------++-------
Melee: Dagger            |    72 |   207 ||   279
       Unarmed           |     3 |       ||     3
       Bite              |     4 |    19 ||    23
 Cast: Pain              |    17 |     7 ||    24
       Vampiric Draining |     1 |     5 ||     6
 Stab: Sleeping          |     5 |     6 ||    11
Armor: Robe              |     3 |     4 ||     7
       Leather armour    |       |    24 ||    24
Dodge: Dodged            |    45 |   113 ||   158
Block: Buckler           |     8 |    47 ||    55

Table legend: (Time is in decaauts)
 A = Elapsed time spent in this place.
 B = Non-inter-level travel time spent in this place.
 C = Inter-level travel time spent in this place.
 D = Time resting spent in this place.
 E = Time spent auto-exploring this place.
 F = Levels seen in this place.
 G = Mean time per level.
                   A        B        C        D        E       F      G
               +--------+--------+--------+--------+--------+-----+--------+
         Total |   4312 |   4135 |    177 |     37 |   3267 |   5 |  862.4 |
       Dungeon |   4312 |   4135 |    177 |     37 |   3267 |   5 |  862.4 |
               +--------+--------+--------+--------+--------+-----+--------+

Top non-repeatable levels by time:
     D:1: 1340 daAuts
     D:4: 961 daAuts
     D:3: 807 daAuts
     D:2: 719 daAuts
     D:5: 484 daAuts
